| TOP OF THE 1ST |
|
Peoria Chiefs batting - Pitching for Dayton Dragons : RHP Jalen Patterson
|
|
Pitching: RHP Jalen Patterson
|
|
|
Batting: RHB Robby Hickman
|
0-0: Foul Ball, location: 2F 0-1: Ball 1-1: Ball 2-1: Foul Ball, location: 2F 2-2: Ground out 4-3 (Groundball, 4, EV 93.1 MPH)
|
|
Batting: RHB Nick Latulippe
|
0-0: Called Strike 0-1: Ball 1-1: Called Strike 1-2: SINGLE (Groundball, 34D, EV 95.6 MPH)
|
|
Batting: RHB Pablo Nunez
|
0-0: Called Strike 0-1: Ball 1-1: Ball 2-1: Fly out, F7 (Flyball, 7, EV 98.8 MPH)
|
|
Batting: RHB Bobby Miles
|
0-0: Swinging Strike 0-1: Called Strike 0-2: Foul Ball, location: 2F 0-2: Strikes out swinging
|
| Top of the 1st over - 0 runs, 1 hit, 0 errors, 1 left on base; Peoria 0 - Dayton 0 |
| BOTTOM OF THE 1ST |
|
Dayton Dragons batting - Pitching for Peoria Chiefs : RHP Terry Romaine
|
|
Pitching: RHP Terry Romaine
|
|
|
Batting: RHB Toki Takeuchi
|
0-0: Ball 1-0: Ball 2-0: Called Strike 2-1: Ball 3-1: Base on Balls
|
|
Batting: LHB Chris Redhead
|
0-0: Ball 1-0: Ball Toki Takeuchi steals 2nd, throwing error, E2 Toki Takeuchi to third 2-0: Called Strike 2-1: Swinging Strike 2-2: Foul Ball, location: 2F 2-2: Ball 3-2: Ground out 5-3 (Groundball, 56, EV 80.6 MPH) Toki Takeuchi scores
|
|
Batting: RHB Logan Johnson
|
0-0: Ball 1-0: Ball 2-0: Swinging Strike 2-1: Foul Ball, location: 2F 2-2: Ball 3-2: Strikes out looking
|
|
Batting: RHB Alex Villagomez
|
0-0: Ball 1-0: Ball 2-0: Swinging Strike 2-1: Ground out 4-3 (Groundball, 4M, EV 84.4 MPH)
|
| Bottom of the 1st over - 1 run, 0 hits, 1 error, 0 left on base; Peoria 0 - Dayton 1 |
| TOP OF THE 2ND |
|
Peoria Chiefs batting - Pitching for Dayton Dragons : RHP Jalen Patterson
|
|
Batting: LHB Ken Morehead
|
0-0: Ball 1-0: Ball 2-0: Ball 3-0: Called Strike 3-1: Foul Ball, location: 2F 3-2: DOUBLE (Flyball, 8RXD, EV 97.5 MPH)
|
|
Batting: SHB Bobby Mercado
|
0-0: Ball 1-0: Ground out 6-3 (Groundball, 6, EV 87.5 MPH)
|
|
Batting: RHB Tommy Tracy
|
0-0: Ball 1-0: Ball 2-0: Called Strike 2-1: Ground out 5-3 (Groundball, 5L, EV 108.8 MPH)
|
|
Batting: RHB Tim Jobe
|
0-0: Ball 1-0: Fly out, F7 (Flyball, 78S, EV 91.9 MPH)
|
| Top of the 2nd over - 0 runs, 1 hit, 0 errors, 1 left on base; Peoria 0 - Dayton 1 |
| BOTTOM OF THE 2ND |
|
Dayton Dragons batting - Pitching for Peoria Chiefs : RHP Terry Romaine
|
|
Batting: SHB Jaivata Mohanty
|
0-0: Ball 1-0: Foul Ball, location: 2F 1-1: Ball 2-1: Ball 3-1: Foul Ball, location: 2F 3-2: SINGLE (Groundball, 34D, EV 98.8 MPH)
|
|
Batting: RHB Alex Juarez
|
0-0: Ball 1-0: Called Strike 1-1: Swinging Strike 1-2: Ball 2-2: Foul Ball, location: 2F 2-2: Strikes out looking
|
|
Batting: LHB Jeremy Robertson
|
0-0: Called Strike 0-1: Swinging Strike 0-2: Ball 1-2: Ball 2-2: Foul Ball, location: 2F 2-2: Strikes out looking
|
|
Batting: LHB Kelvin Jones
|
0-0: Foul Ball, location: 2F 0-1: Ball 1-1: Foul Ball, location: 2F 1-2: Ground out 4-3 (Groundball, 4, EV 98.1 MPH)
|
| Bottom of the 2nd over - 0 runs, 1 hit, 0 errors, 1 left on base; Peoria 0 - Dayton 1 |
| TOP OF THE 3RD |
|
Peoria Chiefs batting - Pitching for Dayton Dragons : RHP Jalen Patterson
|
|
Batting: RHB Ben Politi
|
0-0: Fly out, F9 (Flyball, 9S, EV 87.5 MPH)
|
|
Batting: RHB Robby Hickman
|
0-0: Ball 1-0: DOUBLE (Line Drive, 7LM, EV 105.0 MPH)
|
|
Batting: RHB Nick Latulippe
|
0-0: Ball 1-0: Ball Wild Pitch! Robby Hickman to third 2-0: Foul Ball, location: 2F 2-1: Called Strike 2-2: Foul Ball, location: 2F 2-2: Strikes out looking
|
|
Batting: RHB Pablo Nunez
|
0-0: Called Strike 0-1: 2-RUN HOME RUN (Flyball, 89XD, EV 105.6 MPH), Distance : 389 ft
|
|
Batting: RHB Bobby Miles
|
0-0: Fly out, F4 (Popup, 4M, EV 70.6 MPH)
|
| Top of the 3rd over - 2 runs, 2 hits, 0 errors, 0 left on base; Peoria 2 - Dayton 1 |
| BOTTOM OF THE 3RD |
|
Dayton Dragons batting - Pitching for Peoria Chiefs : RHP Terry Romaine
|
|
Batting: RHB John Hopkins
|
0-0: Called Strike 0-1: SINGLE (Groundball, 6MD, EV 102.5 MPH)
|
|
Batting: RHB Toki Takeuchi
|
0-0: Called Strike 0-1: Ball 1-1: Fielders Choice at 2nd, 5-4 (Groundball, 56, EV 86.9 MPH)
|
|
Batting: LHB Chris Redhead
|
0-0: Called Strike 0-1: Hit by Pitch Toki Takeuchi to second
|
|
Batting: RHB Logan Johnson
|
0-0: Called Strike Toki Takeuchi steals 3rd base 0-1: Swinging Strike 0-2: Strikes out looking
|
|
Batting: RHB Alex Villagomez
|
0-0: SINGLE (Groundball, 6MD, EV 95.6 MPH) Toki Takeuchi scores Chris Redhead to second Runner from 2nd tries for 3rd, SAFE, throw by CF made to third
|
|
Batting: SHB Jaivata Mohanty
|
0-0: DOUBLE (Flyball, 89D, EV 103.1 MPH) Chris Redhead scores Alex Villagomez to third
|
|
Batting: RHB Alex Juarez
|
0-0: Called Strike 0-1: Ball 1-1: Called Strike 1-2: Fly out, F7 (Flyball, 7D, EV 103.8 MPH)
|
| Bottom of the 3rd over - 2 runs, 3 hits, 0 errors, 2 left on base; Peoria 2 - Dayton 3 |
| TOP OF THE 4TH |
|
Peoria Chiefs batting - Pitching for Dayton Dragons : RHP Jalen Patterson
|
|
Batting: LHB Ken Morehead
|
0-0: Foul Ball, location: 2F 0-1: Ball 1-1: Ground out 3-1 (Groundball, 34, EV 105.6 MPH)
|
|
Batting: SHB Bobby Mercado
|
0-0: Called Strike 0-1: Foul Ball, location: 2F 0-2: Strikes out swinging
|
|
Batting: RHB Tommy Tracy
|
0-0: Ball 1-0: Foul Ball, location: 2F 1-1: Ball 2-1: Foul Ball, location: 2F 2-2: Ground out 6-3 (Groundball, 6D, EV 103.1 MPH)
|
| Top of the 4th over - 0 runs, 0 hits, 0 errors, 0 left on base; Peoria 2 - Dayton 3 |
| BOTTOM OF THE 4TH |
|
Dayton Dragons batting - Pitching for Peoria Chiefs : RHP Terry Romaine
|
|
Batting: LHB Jeremy Robertson
|
0-0: Called Strike 0-1: Foul Ball, location: 2F 0-2: Foul Ball, location: 2F 0-2: Ball 1-2: Ball 2-2: Ball 3-2: Base on Balls
|
|
Batting: LHB Kelvin Jones
|
0-0: Ball 1-0: Ball Jeremy Robertson steals 2nd base 2-0: Ball 3-0: Base on Balls
|
|
Batting: RHB John Hopkins
|
0-0: Swinging Strike 0-1: SINGLE (Line Drive, 89S, EV 101.2 MPH) Jeremy Robertson to third Kelvin Jones to second Runner from 3rd tries for Home, SAFE, throw by RF to home
|
|
Batting: RHB Toki Takeuchi
|
0-0: Ball 1-0: Ball 2-0: Grounds into double play, 6-4-3 (Groundball, 6, EV 105.0 MPH) Kelvin Jones to third
|
|
Batting: LHB Chris Redhead
|
0-0: Ball 1-0: Called Strike 1-1: Foul Ball, location: 2F 1-2: Foul Ball, location: 2F 1-2: Ball 2-2: Ball 3-2: SINGLE (Groundball, 6D, EV 93.8 MPH) Kelvin Jones scores
|
|
Pitching: RHP Ryan Hoagland
|
|
|
Batting: RHB Logan Johnson
|
0-0: Ball 1-0: Ball 2-0: Fielders Choice at 2nd, 5-4 (Groundball, 56, EV 79.4 MPH)
|
| Bottom of the 4th over - 2 runs, 2 hits, 0 errors, 1 left on base; Peoria 2 - Dayton 5 |
| TOP OF THE 5TH |
|
Peoria Chiefs batting - Pitching for Dayton Dragons : RHP Jalen Patterson
|
|
Batting: RHB Tim Jobe
|
0-0: Ball 1-0: Ball 2-0: Called Strike 2-1: Foul Ball, location: 2F 2-2: Fly out, F8 (Flyball, 8LD, EV 106.9 MPH)
|
|
Batting: RHB Ben Politi
|
0-0: Foul Ball, location: 2F 0-1: Swinging Strike 0-2: Strikes out looking
|
|
Batting: RHB Robby Hickman
|
0-0: Called Strike 0-1: Ground out 3-1 (Groundball, 34S, EV 85.0 MPH)
|
| Top of the 5th over - 0 runs, 0 hits, 0 errors, 0 left on base; Peoria 2 - Dayton 5 |
| BOTTOM OF THE 5TH |
|
Dayton Dragons batting - Pitching for Peoria Chiefs : RHP Ryan Hoagland
|
|
Batting: RHB Alex Villagomez
|
0-0: Ball 1-0: Ball 2-0: Called Strike 2-1: Foul Ball, location: 2F 2-2: Strikes out swinging
|
|
Batting: SHB Jaivata Mohanty
|
0-0: Ball 1-0: Ball 2-0: Ball 3-0: Called Strike 3-1: Base on Balls
|
|
Batting: RHB Alex Juarez
|
0-0: Ball 1-0: Called Strike 1-1: Foul Ball, location: 2F 1-2: Fly out, F7 (Flyball, 7LD, EV 100.0 MPH)
|
|
Batting: LHB Jeremy Robertson
|
0-0: Foul Ball, location: 2F 0-1: Called Strike 0-2: Ball 1-2: Strikes out swinging
|
| Bottom of the 5th over - 0 runs, 0 hits, 0 errors, 1 left on base; Peoria 2 - Dayton 5 |
| TOP OF THE 6TH |
|
Peoria Chiefs batting - Pitching for Dayton Dragons : RHP Jalen Patterson
|
|
Batting: RHB Nick Latulippe
|
0-0: Swinging Strike 0-1: Called Strike 0-2: TRIPLE (Line Drive, 78XD, EV 113.1 MPH)
|
|
Batting: RHB Pablo Nunez
|
0-0: Ball 1-0: Swinging Strike 1-1: Swinging Strike 1-2: Ball 2-2: Strikes out swinging
|
|
Batting: RHB Bobby Miles
|
0-0: Called Strike 0-1: Called Strike 0-2: DOUBLE (Line Drive, 89M, EV 93.8 MPH) Nick Latulippe scores
|
|
Batting: LHB Ken Morehead
|
0-0: Foul Ball, location: 2F 0-1: Foul Ball, location: 2F 0-2: Ball 1-2: Strikes out swinging
|
|
Batting: SHB Bobby Mercado
|
0-0: Ball 1-0: Ball 2-0: Foul Ball, location: 2F 2-1: Called Strike 2-2: Ground out 6-3 (Groundball, 6M, EV 78.8 MPH)
|
| Top of the 6th over - 1 run, 2 hits, 0 errors, 1 left on base; Peoria 3 - Dayton 5 |
| BOTTOM OF THE 6TH |
|
Dayton Dragons batting - Pitching for Peoria Chiefs : RHP Ryan Hoagland
|
|
Batting: LHB Kelvin Jones
|
0-0: Ball 1-0: Ground out U3 (Groundball, 34, EV 106.9 MPH)
|
|
Batting: RHB John Hopkins
|
0-0: Ball 1-0: Ball 2-0: Ground out 2-3 (Groundball, 2L, EV 66.2 MPH)
|
|
Batting: RHB Toki Takeuchi
|
0-0: Ball 1-0: Swinging Strike 1-1: Ball 2-1: Ball 3-1: Fly out, F7 (Flyball, 7LS, EV 86.9 MPH)
|
| Bottom of the 6th over - 0 runs, 0 hits, 0 errors, 0 left on base; Peoria 3 - Dayton 5 |
| TOP OF THE 7TH |
|
Peoria Chiefs batting - Pitching for Dayton Dragons : RHP Jalen Patterson
|
|
Pitching: LHP Gabe Alcantara
|
|
|
Batting: RHB Tommy Tracy
|
0-0: Fly out, F8 (Flyball, 8RD, EV 91.2 MPH)
|
|
Batting: RHB Tim Jobe
|
0-0: Foul Ball, location: 2F 0-1: Fly out, F9 (Line Drive, 9S, EV 95.0 MPH)
|
|
Batting: RHB Ben Politi
|
0-0: Foul Ball, location: 2F 0-1: Ball 1-1: TRIPLE (Line Drive, 89XD, EV 103.8 MPH)
|
|
Batting: RHB Robby Hickman
|
0-0: Ball 1-0: Foul Ball, location: 2F 1-1: Swinging Strike 1-2: Ball Wild Pitch! Ben Politi scores 2-2: Ball 3-2: Ground out 4-3 (Groundball, 4, EV 81.2 MPH)
|
| Top of the 7th over - 1 run, 1 hit, 0 errors, 0 left on base; Peoria 4 - Dayton 5 |
| BOTTOM OF THE 7TH |
|
Dayton Dragons batting - Pitching for Peoria Chiefs : RHP Ryan Hoagland
|
|
Batting: LHB Chris Redhead
|
0-0: Ball 1-0: Ground out 1-3 (Groundball, P, EV 64.4 MPH)
|
|
Batting: RHB Logan Johnson
|
0-0: Ball 1-0: Swinging Strike 1-1: Foul Ball, location: 2F 1-2: Foul Ball, location: 2F 1-2: Ball 2-2: Strikes out swinging
|
|
Batting: RHB Alex Villagomez
|
0-0: Called Strike 0-1: Ground out 4-3 (Groundball, 4, EV 103.1 MPH)
|
| Bottom of the 7th over - 0 runs, 0 hits, 0 errors, 0 left on base; Peoria 4 - Dayton 5 |
| TOP OF THE 8TH |
|
Peoria Chiefs batting - Pitching for Dayton Dragons : LHP Gabe Alcantara
|
|
Now in LF: Elias Posada
|
|
|
Batting: RHB Nick Latulippe
|
0-0: Ball 1-0: Ball 2-0: Called Strike 2-1: Swinging Strike 2-2: Strikes out swinging
|
|
Batting: RHB Pablo Nunez
|
0-0: SOLO HOME RUN (Flyball, 9D, EV 96.2 MPH), Distance : 377 ft
|
|
Batting: RHB Bobby Miles
|
0-0: Called Strike 0-1: Ball 1-1: Ball 2-1: Called Strike 2-2: Strikes out swinging
|
|
Pinch Hitting: RHB Sam Daw
|
0-0: Ball 1-0: Foul Ball, location: 2F 1-1: Swinging Strike 1-2: Foul Ball, location: 2F 1-2: Strikes out swinging
|
| Top of the 8th over - 1 run, 1 hit, 0 errors, 0 left on base; Peoria 5 - Dayton 5 |
| BOTTOM OF THE 8TH |
|
Dayton Dragons batting - Pitching for Peoria Chiefs : RHP Ryan Hoagland
|
|
Pitching: RHP Steve Langlois
|
|
|
Now at 1B: Kyle Burns
|
|
|
Batting: SHB Jaivata Mohanty
|
0-0: Called Strike 0-1: Swinging Strike 0-2: Ball 1-2: Ball 2-2: Foul Ball, location: 2F 2-2: Foul Ball, location: 2F 2-2: Strikes out swinging
|
|
Batting: RHB Alex Juarez
|
0-0: Fly out, F9 (Flyball, 9, EV 93.8 MPH)
|
|
Batting: LHB Jeremy Robertson
|
0-0: Foul Ball, location: 2F 0-1: Foul Ball, location: 2F 0-2: Fly out, F9 (Line Drive, 89M, EV 110.6 MPH)
|
| Bottom of the 8th over - 0 runs, 0 hits, 0 errors, 0 left on base; Peoria 5 - Dayton 5 |
| TOP OF THE 9TH |
|
Peoria Chiefs batting - Pitching for Dayton Dragons : LHP Gabe Alcantara
|
|
Pitching: LHP Juan Villegas
|
|
|
Batting: SHB Bobby Mercado
|
0-0: Ball 1-0: Called Strike 1-1: Ball 2-1: Ball 3-1: Foul Ball, location: 2F 3-2: Strikes out swinging
|
|
Batting: RHB Tommy Tracy
|
0-0: Ball 1-0: Called Strike 1-1: Ground out 1-3 (Groundball, 25, EV 67.5 MPH)
|
|
Batting: RHB Tim Jobe
|
0-0: Swinging Strike 0-1: Swinging Strike 0-2: Ball 1-2: Ball 2-2: Ball 3-2: Base on Balls
|
|
Batting: RHB Ben Politi
|
0-0: Ball 1-0: Called Strike 1-1: Ball 2-1: Called Strike 2-2: Foul Ball, location: 2F 2-2: Strikes out swinging
|
| Top of the 9th over - 0 runs, 0 hits, 0 errors, 1 left on base; Peoria 5 - Dayton 5 |
| BOTTOM OF THE 9TH |
|
Dayton Dragons batting - Pitching for Peoria Chiefs : RHP Steve Langlois
|
|
Pitching: RHP Derrick Easley
|
|
|
Batting: LHB Kelvin Jones
|
0-0: SINGLE (Groundball, 25, EV 74.4 MPH) (infield hit)
|
|
Batting: RHB John Hopkins
|
0-0: Bunt missed! 0-1: Bunt missed! 0-2: Ball Kelvin Jones steals 2nd base 1-2: Ball 2-2: Ball 3-2: Base on Balls
|
|
Batting: RHB Toki Takeuchi
|
0-0: Ball 1-0: Called Strike Kelvin Jones is caught stealing 3rd base 2-5 John Hopkins to second 1-1: Swinging Strike 1-2: Strikes out swinging
|
|
Batting: LHB Elias Posada
|
0-0: Ball 1-0: Ball 2-0: Ground out 4-3 (Groundball, 4S, EV 85.0 MPH)
|
| Bottom of the 9th over - 0 runs, 1 hit, 0 errors, 1 left on base; Peoria 5 - Dayton 5 |
| TOP OF THE 10TH |
|
Peoria Chiefs batting - Pitching for Dayton Dragons : LHP Juan Villegas
|
|
Batting: RHB Robby Hickman
|
0-0: Ball 1-0: Ball 2-0: Called Strike 2-1: Called Strike 2-2: Foul Ball, location: 2F 2-2: Strikes out looking
|
|
Batting: RHB Nick Latulippe
|
0-0: Called Strike 0-1: Called Strike 0-2: Foul Ball, location: 2F 0-2: Ball 1-2: Foul Ball, location: 2F 1-2: Ground out 5-3 (Groundball, 56, EV 103.1 MPH)
|
|
Pitching: RHP Kevin Larner
|
|
|
Batting: RHB Pablo Nunez
|
0-0: Swinging Strike 0-1: SINGLE (Groundball, 6MD, EV 94.4 MPH)
|
|
Batting: RHB Bobby Miles
|
0-0: Called Strike 0-1: Fly out, F9 (Flyball, 89S, EV 79.4 MPH)
|
| Top of the 10th over - 0 runs, 1 hit, 0 errors, 1 left on base; Peoria 5 - Dayton 5 |
| BOTTOM OF THE 10TH |
|
Dayton Dragons batting - Pitching for Peoria Chiefs : RHP Derrick Easley
|
|
Batting: RHB Logan Johnson
|
0-0: Ball 1-0: Ball 2-0: Called Strike 2-1: Foul Ball, location: 2F 2-2: Reached on error, E8 (Flyball, 89S, EV 89.4 MPH)
|
|
Batting: RHB Alex Villagomez
|
0-0: Ground out 4-3 (Groundball, 4, EV 105.0 MPH) Logan Johnson to second
|
|
Batting: SHB Jaivata Mohanty
|
0-0: Intentional Walk
|
|
Batting: RHB Alex Juarez
|
0-0: Ball 1-0: Foul Ball, location: 2F 1-1: SINGLE (Groundball, 6MD, EV 98.8 MPH) Logan Johnson to third Jaivata Mohanty to second Runner from 3rd tries for Home, SAFE, throw by CF to home
|
| Bottom of the 10th over - 1 run, 1 hit, 1 error, 2 left on base; Peoria 5 - Dayton 6 |
|